 Dungeon Crawl Stone Soup version 0.28.0-53-g5a82cb258f (webtiles) character file.

Game seed: 15513093905971899

72 Peloso the Covered (level 4, -4/41 HPs)
             Began as a Minotaur Fighter on May 27, 2022.
             Killed by nerve-wracking pain
             ... invoked by Grinder
              (14 damage)
             ... on level 3 of the Dungeon.
             The game lasted 00:02:14 (1958 turns).

Peloso the Covered (Minotaur Fighter)               Turns: 1958, Time: 00:02:15

Health: -4/41      AC:  7    Str: 20    XL:     4   Next: 7%
Magic:  3/3        EV:  9    Int:  5    God:
Gold:   98         SH:  5    Dex: 12    Spells: 3/3 levels left

rFire   . . .      SeeInvis .   a - +0 long sword
rCold   . . .      Faith    .   c - +0 buckler
rNeg    . . .      Spirit   .   b - +0 scale mail
rPois   .          Reflect  .   (helmet restricted)
rElec   .          Harm     .   (no cloak)
rCorr   .          Rampage  .   (no gloves)
Will    .....                   (no boots)
Stlth   ..........              (no amulet)
HPRegen 0.13/turn               (no ring)
MPRegen 0.08/turn               (no ring)

@: no status effects
A: horns 2, retaliatory headbutt
a: no special abilities


You were on level 3 of the Dungeon.
You visited 1 branch of the dungeon, and saw 3 of its levels.

You collected 98 gold pieces.

Inventory:

Hand Weapons
 a - a +0 long sword (weapon)
Armour
 b - a +0 scale mail (worn)
 c - a +0 buckler (worn)
Jewellery
 h - a ring of see invisible
Wands
 f - a wand of iceblast (6)
Scrolls
 i - a scroll of acquirement
Potions
 d - 3 potions of might
 e - a potion of haste {unknown}


   Skills:
 + Level 4.3 Fighting
 + Level 2.8 Long Blades
 + Level 5.0 Armour
 + Level 4.0 Shields


You had 3 spell levels left.
You didn't know any spells.
Your spell library was empty.

Dungeon Overview and Level Annotations

Branches:
Dungeon (3/15)

Altars:
Kikubaaqudgha

Annotations:
D:3 Grinder


Innate Abilities, Weirdness & Mutations

You have a pair of horns on your head.
You reflexively headbutt those who attack you in melee.


Message History

Ijyb is almost dead.
Grinder blinks!
Ijyb completely misses you.
You hit Ijyb but do no damage.
Ijyb is almost dead.
Ijyb hits you but does no damage. Grinder gestures at you.
You barely resist. You hit Ijyb.
You kill Ijyb!
Grinder gestures at you. Pain shoots through your body!
* * * LOW HITPOINT WARNING * * *
Your Armour skill increases to level 5!
You have reached level 4!
You feel agile.
You aren't carrying any items that you can evoke.
Unknown command.
Items here: ) / [ †.
f - a wand of iceblast (8) Grinder gestures at you.
You barely resist.
Aiming: Iceblast
Press: ? - help, Shift-Dir - straight line, f - Grinder
Aim: Grinder The mass of ice explodes!
The iceblast engulfs Grinder!
Grinder partially resists.
Grinder is moderately wounded.
You closely miss Grinder. You headbutt Grinder!
Grinder is severely wounded.
Grinder barely misses you.
Grinder blinks!
Unknown command.
Aiming: Iceblast
Press: ? - help, Shift-Dir - straight line, f/p - Grinder
Aim: Grinder (severely wounded)
The mass of ice explodes!
The iceblast engulfs Grinder!
Grinder partially resists.
Grinder is almost dead.
Grinder gestures at you. Pain shoots through your body!
You die...

#.# #...# #.# ##..#
#..# ##.# #..# #..#
##.####..# #..#
.....##..####..#
##........>....#
####.##(.####..# #
#.##..####..#####....
#.......5!...@....#
####..#############
#..# ###†.# #....#
#......# #......#
........# ###.....##


You could see Grinder.

Vanquished Creatures
  Ijyb (D:3)
  An adder (D:3)
  2 dart slugs
  An orc (D:2)
  6 ball pythons
  2 endoplasms
  2 giant cockroaches (D:1)
  4 goblins
  3 hobgoblins (D:1)
  2 quokkas
  3 bats (D:1)
  A frilled lizard (D:1)
  2 kobolds
  A rat (D:1)
31 creatures vanquished.

Notes
Turn   | Place    | Note
-------+----------+-------------------------------------------
     0 | D:1      | Peloso the Minotaur Fighter began the quest for the Orb.
     0 | D:1      | Reached XP level 1. HP: 19/19 MP: 0/0
   190 | D:1      | Found a faded altar of an unknown god.
   264 | D:1      | Reached XP level 2. HP: 21/27 MP: 1/1
   266 | D:1      | Reached skill level 4 in Armour
   891 | D:2      | Reached XP level 3. HP: 17/33 MP: 2/2
  1548 | D:2      | Found an ancient bone altar of Kikubaaqudgha.
  1807 | D:2      | Identified a scroll of acquirement
  1937 | D:3      | Noticed Ijyb
  1942 | D:3      | Noticed Grinder
  1953 | D:3      | Killed Ijyb
  1954 | D:3      | Reached skill level 5 in Armour
  1954 | D:3      | Reached XP level 4. HP: 9/41 MP: 3/3
  1958 | D:3      | Killed from afar by Grinder

Illustrated notes

Levels and vault maps discovered:
D:1:      lightli_arrival_farm, layout_basic,
          hellmonk_ecumenical_altar_slurped_away, st_stairs_9, corner_web_ring
D:2:      layout_basic, basic_altar
D:3:      layout_loops_ring, uniq_ijyb, uniq_grinder

Skill      XL: |  1  2  3 |
---------------+----------+-----
Fighting       | 4 |  4.3
Armour         | 4 5 |  5.0
Shields        | 4 |  4.0
Long Blades    | |  2.8

Action                   |  1- 3 |  4- 6 || total
-------------------------+-------+-------++-------
Melee: Long sword        |    78 |     1 ||    79
       Headbutt          |     9 |     1 ||    10
Evoke: Wand              |       |     2 ||     2
  Use: Scroll            |     5 |       ||     5
Armor: Scale mail        |    42 |       ||    42
Dodge: Dodged            |    37 |     1 ||    38
Block: Buckler           |    19 |       ||    19
